 Dungeon Crawl Stone Soup version 0.25.0-26-g0c896c7088 (webtiles) character file.

Game seed: 4153952576125444617

(classic levelgen) 5597 EnegeticOcto the Severer (level 10, -11/81 HPs)
             Began as a Deep Dwarf Fighter on July 2, 2020.
             Was a Believer of Makhleb.
             Killed from afar by an ice statue (25 damage)
             ... with a shard of ice
             ... on level 12 of the Dungeon.
             The game lasted 00:12:22 (1644 turns).

EnegeticOcto the Severer (Deep Dwarf Fighter)       Turns: 1644, Time: 00:12:23

Health: -11/81     AC: 11    Str: 23    XL:     10   Next: 45%
Magic:  1/1        EV:  4    Int:  5    God:    Makhleb [**....]
Gold:   250        SH: 10    Dex: 12    Spells: 9/9 levels left

rFire    x . .     SeeInvis .   a - +1 war axe
rCold    + . .     Gourm    .   c - +1 kite shield
rNeg     . . .     Faith    .   t - +0 plate armour
rPois    .         Spirit   .   (no helmet)
rElec    .         Reflect  .   (no cloak)
rCorr    .         Harm     .   (no gloves)
MR       +....                  (no boots)
Stlth    ..........             m - amulet of inaccuracy (curse)
HPRegen  0.00/turn              x - -4 ring of intelligence (curse)
MPRegen  0.07/turn              f - ring of ice

@: flying, non-regenerating
A: damage resistance, heal wounds, sense surroundings 2, no regeneration
a: Heal Wounds, Minor Destruction, Renounce Religion


You were on level 12 of the Dungeon.
You worshipped Makhleb.
Makhleb was pleased with you.
You were not hungry.

You visited 2 branches of the dungeon, and saw 13 of its levels.
You also visited: Bailey.

You collected 250 gold pieces.

Inventory:

Hand Weapons
 a - a +1 war axe (weapon)
 q - a cursed +0 dagger of distortion
Missiles
 r - 2 curare-tipped darts (quivered)
Armour
 b - a +0 scale mail
 c - a +1 kite shield (worn)
 s - a +0 chain mail
 t - a +0 plate armour (worn)
Jewellery
 f - a ring of ice (right hand)
 m - a cursed amulet of inaccuracy (around neck)
 o - an uncursed ring of see invisible
 x - a cursed -4 ring of intelligence (left hand)
Wands
 p - a wand of iceblast (5) {@v2}
Scrolls
 d - a scroll of fog {!r}
 h - a scroll of magic mapping {@r5 !r}
 n - a scroll of immolation
 u - 2 scrolls of enchant weapon
Potions
 g - a potion of degeneration
 i - a potion of cancellation
 j - a potion of heal wounds {@q2 !q}
 k - a potion of flight
 l - a potion of mutation {unknown}
 w - a potion of lignification {unknown}
Comestibles
 e - 4 rations


   Skills:
 - Level 2.6 Fighting
 + Level 15.5 Axes
 - Level 3.2 Armour
 - Level 3.2 Shields
 - Level 6.0 Invocations


You had 9 spell levels left.
You didn't know any spells.
Your spell library contained the following spells:

 Spells                   Type           Power        Failure   Level  Hunger
 Magic Dart               Conj           #...         100%        1    ##.....
 Blink                    Tloc           N/A          100%        2    ###....
 Call Imp                 Summ           #.......     100%        2    ###....
 Slow                     Hex            #.......     100%        2    ###....
 Conjure Flame            Conj/Fire      #.......     100%        3    ####...
 Mephitic Cloud           Conj/Pois/Air  #.......     100%        3    ####...


Dungeon Overview and Level Annotations

Branches:
Dungeon (12/15)            Temple (1/1) D:5            Lair (0/6) D:8
 Bailey (visited)
    Orc: D:9-12

Altars:
Elyvilon
Gozag
Hepliaklqana
Makhleb
Uskayaw
Vehumet
Wu Jian

Annotations:
D:12 exclusion: ice statue


Innate Abilities, Weirdness & Mutations

You are resistant to damage.
You can heal yourself by infusing magical energy.
You passively map the area around you.
You do not regenerate.


Message History

The polar bear claws you but does no damage.
The polar bear bites you!
* * * LOW HITPOINT WARNING * * *
The polar bear claws you but does no damage. x2
You closely miss the polar bear.
The polar bear is almost dead.
The polar bear bites you!
* * * LOW HITPOINT WARNING * * *
The polar bear claws you but does no damage.
You block the polar bear's attack.
You feel much better. You block the polar bear's attack.
The polar bear claws you but does no damage. x2
You slash the polar bear!
You kill the polar bear!
Makhleb accepts your kill.
You see here a polar bear corpse.
You feel much better.
Really walk into a travel-excluded area?
Okay, then.
Really walk into a travel-excluded area?
The ice statue gestures.
You feel very buoyant.
You fly up into the air.
The ice statue gestures.
The ice statue gestures.
The ice statue gestures at you. The shard of ice hits you.
You partially resist. You block the ice beast's attack.
The ice beast hits you but does no damage.
You block the ice beast's attack. x2
The ice beast hits you. The ice beast freezes you. You resist.
You block the ice beast's attack.
You see here 15 sling bullets.
You hit the ice statue.
The ice statue is lightly damaged.
You closely miss the ice beast. You slash the ice beast! You hit the ice beast.
The ice beast barely misses you.
You hit the ice statue.
The ice statue is lightly damaged.
Your shield prevents you from hitting the ice beast.
You hit the ice beast.
Your plate armour prevents you from hitting the ice beast.
The ice beast hits you but does no damage.
The ice beast barely misses you.
You slash the ice statue!
The ice statue is moderately damaged.
You barely miss the ice beast. You hit the ice beast.
You hit the ice beast but do no damage.
The ice beast hits you but does no damage.
You block the ice beast's attack.
The ice beast hits you but does no damage.
Your plate armour prevents you from hitting the ice statue.
The ice statue is moderately damaged.
You slash the ice beast! You closely miss the ice beast.
You hit the ice beast but do no damage. You block the ice beast's attack.
The ice beast hits you. The ice beast freezes you. You resist.
The ice beast hits you. The ice beast freezes you! You resist.
You hit the ice statue but do no damage.
The ice statue is moderately damaged.
You closely miss the ice beast. You miss the ice beast.
You slash the ice beast! You block the ice beast's attack.
The ice beast hits you but does no damage.
The ice beast barely misses you.
You hit the ice statue but do no damage.
The ice statue is moderately damaged.
Your shield prevents you from hitting the ice beast.
You hit the ice beast.
Your plate armour prevents you from hitting the ice beast.
The ice beast hits you. The ice beast freezes you. You resist.
The ice beast hits you. The ice beast freezes you. You resist.
The ice beast completely misses you.
You closely miss the ice statue.
The ice statue is moderately damaged.
You slash the ice beast! You closely miss the ice beast. You hit the ice beast.
The ice beast closely misses you.
You barely miss the ice statue.
The ice statue is moderately damaged.
You hit the ice beast. You closely miss the ice beast.
Your shield and plate armour prevent you from hitting the ice beast.
You block the ice beast's attack. The ice beast barely misses you.
You hit the ice statue.
The ice statue is moderately damaged.
You hit the ice beast.
Your plate armour prevents you from hitting the ice beast.
Your shield and plate armour prevent you from hitting the ice beast.
You block the ice beast's attack. The ice statue gestures at you.
The shard of ice hits you!! You partially resist.
* * * LOW HITPOINT WARNING * * *
The ice beast hits you. The ice beast freezes you. You resist.
You block the ice beast's attack.
You hit the ice statue but do no damage.
The ice statue is moderately damaged.
You hit the ice beast.
You kill the ice beast!
You hit the ice beast but do no damage. You hit the ice beast.
You block the ice beast's attack. The ice statue gestures at you.
The shard of ice hits you!! You partially resist.
You die...

≈≈≈.......≈.≈.⌠..##.#### *
*
≈≈≈≈.....≈.≈.≈≈...#......
*,
≈≈≈≈.≈≈≈.≈.≈.≈≈≈≈..#......
, ≈
≈....≈.≈≈...≈≈≈..#######
.≈.≈.≈≈≈...≈.≈≈....# #
≈≈≈≈≈≈≈≈≈≈≈≈.......#, + ,
≈≈≈≈≈≈≈≈≈≈≈≈≈......# , # ,
* ≈≈≈≈≈≈YY≈≈≈≈≈......#####
≈≈≈≈≈([@≈≈≈≈≈...........
.≈≈≈≈[8$≈≈≈≈............
.≈≈≈≈?.[≈≈≈≈............
,,
≈≈≈≈≈%)%≈≈≈≈≈...........
≈≈≈≈≈≈≈≈≈≈≈≈≈......##### ,
, ≈≈≈≈≈≈≈≈≈≈≈≈≈......# ,
≈≈≈≈≈≈≈≈≈≈≈≈.......# ,,*
≈.≈.≈≈≈≈≈≈≈.≈.≈≈....# +*#
≈ , ≈ ≈≈ ≈ ≈ , #


You could see an ice statue and 2 ice beasts.

Vanquished Creatures
  An ice dragon (D:12)
  Pikel (D:7)
  An orc knight (D:8)
  A manticore (D:12)
  A polar bear (D:12)
  Duvessa (D:7)
  9 orc warriors
  7 ice beasts (D:12)
  2 sky beasts
  A phantom (D:7)
  2 slaves (D:7)
  3 ogres
  2 centaurs
  A big kobold (D:12)
  5 bullfrogs
  Dowan (D:7)
  7 wights
  A howler monkey (D:7)
  3 crimson imps
  A hound (D:10)
  A centaur skeleton (D:10)
  5 orc priests
  2 iguanas (D:10)
  3 orc wizards
  3 worker ants
  5 adders
  4 gnolls (D:8)
  A shadow imp (D:9)
  2 adder skeletons (D:7)
  An adder zombie (D:6)
  12 orcs
  2 giant cockroaches
  7 goblins
  3 hobgoblins (D:1)
  3 jackals
  2 quokkas
  2 bats
  3 kobolds
112 creatures vanquished.

Vanquished Creatures (others)
  A shadow imp (D:7)
1 creature vanquished.

Grand Total: 113 creatures vanquished

Notes
Turn   | Place    | Note
-------+----------+-------------------------------------------
     0 | D:1      | EnegeticOcto the Deep Dwarf Fighter began the quest for the
                  | Orb.
     0 | D:1      | Reached XP level 1. HP: 20/20 MP: 1/1
    57 | D:1      | Found a hide-covered altar of Uskayaw.
    65 | D:1      | Reached skill level 3 in Axes
    67 | D:1      | Reached XP level 2. HP: 27/27 MP: 2/2
   251 | D:4      | Reached skill level 4 in Axes
   251 | D:4      | Reached XP level 3. HP: 31/33 MP: 3/3
   284 | D:5      | Entered Level 5 of the Dungeon
   284 | D:5      | Noticed an ogre
   286 | D:5      | Found a staircase to the Ecumenical Temple.
   296 | Temple   | Entered the Ecumenical Temple
   307 | Temple   | Your magical essence is drained by the effort!
   312 | Temple   | Killed an ogre
   312 | Temple   | Reached skill level 5 in Axes
   312 | Temple   | Reached XP level 4. HP: 40/40 MP: 3/3
   312 | Temple   | Reached XP level 5. HP: 46/46 MP: 4/4
   328 | Temple   | Became a worshipper of Makhleb the Destroyer
   347 | D:5      | Reached skill level 6 in Axes
   347 | D:5      | Reached skill level 1 in Invocations
   507 | D:6      | Noticed an ogre
   511 | D:6      | Noticed a centaur
   517 | D:6      | Your magical essence is drained by the effort!
   526 | D:6      | Your magical essence is drained by the effort!
   527 | D:6      | Killed an ogre
   527 | D:6      | Reached skill level 2 in Invocations
   527 | D:6      | Reached XP level 6. HP: 35/55 MP: 3/5
   529 | D:6      | Reached skill level 3 in Invocations
   534 | D:6      | Reached skill level 4 in Invocations
   562 | D:7      | Noticed a slave
   565 | D:7      | Noticed a slave
   569 | D:7      | Reached skill level 7 in Axes
   573 | D:7      | Noticed a slave
   576 | D:7      | Killed a slave
   576 | D:7      | Noticed a slave
   577 | D:7      | Noticed Pikel
   578 | D:7      | Noticed Duvessa
   580 | D:7      | Noticed Dowan
   582 | D:7      | Reached skill level 5 in Invocations
   582 | D:7      | Reached XP level 7. HP: 54/61 MP: 7/7
   593 | D:7      | Your magical essence is drained by the effort!
   595 | D:7      | Killed Duvessa
   598 | D:7      | Killed Pikel
   598 | D:7      | Reached skill level 9 in Axes
   598 | D:7      | Reached skill level 6 in Invocations
   598 | D:7      | Reached XP level 8. HP: 22/68 MP: 6/8
   607 | D:7      | Killed Dowan
   607 | D:7      | Reached * piety under Makhleb
   607 | D:7      | Reached skill level 10 in Axes
   718 | D:7      | Reached skill level 11 in Axes
   782 | D:8      | Found a flagged portal.
   796 | Bailey   | Entered a bailey
   797 | Bailey   | Your magical essence is drained by the effort!
   834 | Bailey   | Your magical essence is drained by the effort!
   856 | Bailey   | HP: 2/68 [orc/bolt (15)]
   857 | Bailey   | Your magical essence is drained by the effort!
   858 | Bailey   | Your magical essence is drained by the effort!
   882 | Bailey   | Gained mutation: You passively map the area around you.
                  | [Deep Dwarf growth]
   882 | Bailey   | Reached XP level 9. HP: 60/74 MP: 5/5
   903 | Bailey   | Your magical essence is drained by the effort!
   928 | Bailey   | Reached skill level 12 in Axes
   950 | Bailey   | Your magical essence is drained by the effort!
   965 | Bailey   | Noticed an orc knight
   983 | D:8      | Killed an orc knight
  1068 | D:8      | Reached skill level 13 in Axes
  1216 | D:10     | Entered Level 10 of the Dungeon
  1242 | D:10     | Reached ** piety under Makhleb
  1328 | D:10     | Reached skill level 14 in Axes
  1330 | D:10     | Your magical essence is drained by the effort!
  1483 | D:12     | Noticed a manticore
  1490 | D:12     | Reached XP level 10. HP: 50/81 MP: 3/3
  1506 | D:12     | Killed a manticore
  1560 | D:12     | Noticed an ice statue
  1560 | D:12     | Noticed an ice dragon
  1575 | D:12     | Your magical essence is drained by the effort!
  1581 | D:12     | Your magical essence is drained by the effort!
  1598 | D:12     | Killed an ice dragon
  1598 | D:12     | Reached skill level 15 in Axes
  1644 | D:12     | Killed from afar by an ice statue

Illustrated notes

Levels and vault maps discovered:
D:1:      lightli_arrival_windingriver, layout_basic, minmay_hexomino_r4
D:2:      layout_basic, chequers_ecumenical_altar_grove, minmay_misc_feat_alley
D:3:      kennysheep_goblin_castle, layout_basic,
          nicolae_ru_sacrificial_ziggurat, kennysheep_slug_shrine
D:4:      layout_loops_ring, old_standard_altar, minitemple,
          gammafunk_ghost_nasty_kobolds, first_ration, nzn_random_ring,
          uniq_edmund, uniq_menkaure
D:5:      layout_gridville, minmay_temple_entry_large_hall,
          okawaru_metal_pillars_1_2
D:6:      layout_gridville, serial_shops, nicolae_shop_overgrown_old_shop,
          nicolae_shop_statue_plus, hangedman_glass_teeth
D:7:      layout_basic, uniq_pikel, uniq_duvessa
D:8:      layout_basic, erik_lair_orcish_takeover, enter_bailey_3
D:9:      layout_cave_pods, lemuel_coloured_pillars_altar, grunt_ogre_cave,
          statue_in_the_mist_lemuel
D:10:     layout_irregular_city, minmay_misc_feat_columns, dk_noncrumbling_2,
          uniq_fannar
D:11:     layout_gridville, hex_medium, grunt_tough_drop, uniq_harold
D:12:     layout_gridville, hiddenorc1_lemuel, hangedman_abyss_or_decor_passed,
          minmay_misc_feat_x, ice2_lemuel, uniq_jorgrun
Temple:   dshaligram_water_room_temple

Skill      XL: |  1  2  3  4  5  6  7  8  9 10 |
---------------+-------------------------------+-----
Axes           | 3 4 5 6 7 9 11 14 15 | 15.5
Invocations    | 2 5 6 |  6.0
Fighting       | |  2.6
Armour         | |  3.2
Shields        | |  3.2

Action                   |  1- 3 |  4- 6 |  7- 9 | 10-12 || total
-------------------------+-------+-------+-------+-------++-------
Melee: War axe           |    51 |    57 |   254 |    67 ||   429
Throw: Dart              |       |       |     2 |     1 ||     3
 Abil: Heal Wounds       |     5 |     7 |    31 |    10 ||    53
Evoke: Wand              |       |       |     3 |       ||     3
  Use: Scroll            |       |     4 |     6 |     1 ||    11
       Potion            |       |     1 |       |     1 ||     2
 Stab: Distracted        |       |       |       |     1 ||     1
  Eat: Chunk             |       |       |     3 |       ||     3
       Ration            |       |       |     1 |       ||     1
Armor: Scale mail        |    93 |    38 |    32 |       ||   163
       Chain mail        |       |       |    19 |       ||    19
       Plate armour      |       |       |    90 |    69 ||   159
Dodge: Dodged            |    36 |    37 |    76 |    26 ||   175
Block: Kite shield       |    94 |    71 |   246 |    62 ||   473
